 Dungeon Crawl Stone Soup version 0.19-a0-1051-gdb7e7f8 (webtiles) character file.

643214 HAL9000 the Hoplite (level 27, -2/164 HPs)
             Began as a Vine Stalker Enchanter on July 29, 2016.
             Was the Champion of Dithmenos.
             Slain by a doom hound (9 damage)
             ... on level 7 of Tartarus on Aug 1, 2016.
             The game lasted 05:40:40 (64204 turns).

HAL9000 the Hoplite (Vine Stalker Enchanter)       Turns: 64204, Time: 05:40:41

Health: -2/164     AC: 34    Str: 16    XL:     27
Magic:  0/32       EV: 20    Int: 23    God:    Dithmenos [******]
Gold:   5470       SH: 26    Dex: 35    Spells: 9 memorised, 9 levels left

rFire  + . .     SeeInvis +     z - +4 arc blade {discharge, rElec}
rCold  . . .     Gourm    .     c - +10 pearl dragon armour
rNeg   + + .     Faith    .     l - +2 large shield "Uref Uto" {+Blink rPois rCorr Dex+7}
rPois  +         Spirit   +     Y - +0 mask of the Dragon {MR+ Slay+3 SInv}
rElec  +         Dismiss  .     r - +0 cloak of Distant Shores {+Fly rPois rF+ Dex+8}
rCorr  +         Reflect  .     E - +3 pair of gauntlets of War {Slay+5}
SustAt .         Harm     .     T - +0 pair of boots "Erid" {*Confuse +Fly MR++ Int+4}
MR     ++++.                    v - amulet of Vitality {Regen+ HP+15}
Stlth  ++++++++++               D - ring of positive energy
                                y - ring of the Mage {Wiz MR++ Int+3}

@: vulnerable, regenerating (expiring), slowed, wreathed by umbra, drained, very
slow, incredibly resistant to hostile enchantments, uncannily stealthy
A: fangs 3, clumsy 1, regeneration 3, magic shield, antimagic bite, no device
heal 3, rot immunity
a: Shadow Step, Shadow Form, Renounce Religion, Evoke Blink, Evoke Flight
}: 4/15 runes: barnacled, slimy, silver, gossamer


You were on level 7 of Tartarus.
You worshipped Dithmenos.
Dithmenos was exalted by your worship.
You were very hungry.

You visited 13 branches of the dungeon, and saw 61 of its levels.
You also visited: Labyrinth, Trove and Ice Cave.

You collected 8109 gold pieces.
You spent 2639 gold pieces at shops.

Inventory:

Hand Weapons
 z - the +4 arc blade (weapon) {discharge, rElec}
   (You took it off a deep elf mage on level 5 of the Vaults)

   It insulates you from electricity.
Missiles
 o - 3 throwing nets (quivered)
Armour
 c - a +10 pearl dragon armour (worn)
 l - the +2 large shield "Uref Uto" (worn) {+Blink rPois rCorr Dex+7}
   (You found it on level 5 of the Pits of Slime)

   It affects your dexterity (+7).
   It protects you from poison.
   It lets you blink.
   It protects you from acid and corrosion.
 r - the +0 cloak of Distant Shores (worn) {+Fly rPois rF+ Dex+8}
   (You found it on level 6 of the Lair of Beasts)

   It affects your dexterity (+8).
   It protects you from fire.
   It protects you from poison.
   It lets you fly.
 E - the +3 pair of gauntlets of War (worn) {Slay+5}
   (You bought it in a shop on level 2 of the Vaults)

   It affects your accuracy and damage with ranged weapons and melee attacks
   (+5).
 T - the +0 pair of boots "Erid" (worn) {*Confuse +Fly MR++ Int+4}
   (You bought it in a shop on level 4 of the Dungeon)

   It affects your intelligence (+4).
   It affects your resistance to hostile enchantments.
   It lets you fly.
   It may confuse you when you take damage.
 Y - the +0 mask of the Dragon (worn) {MR+ Slay+3 SInv}
   (You bought it in a shop on level 4 of the Dungeon)

   It affects your accuracy and damage with ranged weapons and melee attacks
   (+3).
   It affects your resistance to hostile enchantments.
   It lets you see invisible.
Rods
 V - a +5 iron rod (12/12)
   (You took it off a deep elf demonologist on level 3 of the Elven Halls)
Jewellery
 v - the amulet of Vitality (around neck) {Regen+ HP+15}
   (You took it off a meliai on level 13 of the Dungeon)

   [amulet of regeneration]

   It affects your health (+15).
   It increases your rate of regeneration.
 y - the ring of the Mage (left hand) {Wiz MR++ Int+3}
   (You found it on level 4 of the Shoals)

   [ring of wizardry]

   It improves your spell success rate.
   It affects your intelligence (+3).
   It affects your resistance to hostile enchantments.
 C - the amulet of Lumebuhe {Gourm -Tele rElec rC++ Slay+3}
   (You found it in a treasure trove)

   [amulet of the gourmand]

   It allows you to eat raw meat even when not hungry.
   It affects your accuracy and damage with ranged weapons and melee attacks
   (+3).
   It greatly protects you from cold.
   It insulates you from electricity.
   It prevents most forms of teleportation.
 D - a ring of positive energy (right hand)
Wands
 p - a wand of digging (1/24)
Scrolls
 e - 8 scrolls of blinking
 u - 3 scrolls of identify
 w - 15 scrolls of remove curse
 A - a scroll of silence
 B - 9 scrolls of teleportation
 H - 8 scrolls of magic mapping
 N - 9 scrolls of fog
 O - 2 scrolls of summoning
 P - 2 scrolls of holy word
 X - 8 scrolls of fear
Potions
 a - 7 potions of might
 b - 3 potions of berserk rage
 f - 16 potions of curing
 h - 3 potions of agility
 n - 3 potions of resistance
 q - a potion of cancellation
 s - 5 potions of haste
 K - 8 potions of ambrosia
 Q - 3 potions of brilliance
 S - 3 potions of magic
 U - a potion of cure mutation
 W - a potion of invisibility
Miscellaneous
 t - a fan of gales
 F - 2 sacks of spiders
 J - a phial of floods
 L - a disc of storms
 M - 3 phantom mirrors
 R - a box of beasts
 Z - the horn of Geryon
Comestibles
 d - 35 bread rations
 i - 8 slices of pizza
 k - 12 beef jerkies


   Skills:
 - Level 16.7(16.2) Fighting
 - Level 14.0(14.1) Short Blades
   Level 7.3(11.2) Long Blades
 - Level 14.8(14.3) Armour
 - Level 11.8(11.4) Dodging
 - Level 21.5(21.0) Stealth
 + Level 22.3(21.8) Shields
 - Level 4.9(4.6) Spellcasting
 - Level 14.8(14.4) Hexes
 - Level 4.7(4.4) Charms
 - Level 4.9(4.5) Translocations
 - Level 4.6(4.2) Transmutations
 - Level 10.1(9.7) Invocations
 - Level 10.9(10.5) Evocations


You had 9 spell levels left.
You knew the following spells:

 Your Spells              Type           Power        Failure   Level  Hunger
a - Corona                Hex            ######.      1%          1    None
b - Yara's Violent Unrav  Hex/Tmut       #####.....   14%         5    #####..
c - Swiftness             Chrm/Air       ###.....     14%         2    None
d - Blink                 Tloc           N/A          4%          2    None
h - Shroud of Golubria    Chrm/Tloc      ####......   4%          2    None
x - Confuse               Hex            ######..     1%          3    ##.....
z - Ensorcelled Hibernat  Hex/Ice        #####.       1%          2    None
I - Invisibility          Hex            ######..     9%          6    #######
R - Regeneration          Chrm/Necr      ###.......   34%         3    ##.....


Dungeon Overview and Level Annotations

Branches:
Dungeon (15/15)            Temple (1/1) D:5            Lair (6/6) D:11
 Shoals (4/4) Lair:2       Spider (4/4) Lair:4        Slime (5/5) Lair:5
    Orc (2/2) D:12            Elf (3/3) Orc:2        Vaults (5/5) D:14
  Crypt (3/3) Vaults:3       Tomb (0/3) Crypt:3      Depths (5/5) D:15
   Hell (1/1)                 Dis (0/7) Hell            Geh (0/7) Hell
    Coc (0/7) Hell            Tar (7/7) Hell            Zot (0/5) Depths:5

Altars:
Cheibriados
Dithmenos
Elyvilon
Fedhas
Gozag
Hepliaklqana
Kikubaaqudgha
Makhleb
Okawaru
Pakellas
Qazlal
Vehumet
Yredelemnul
Zin
The Shining One
Beogh
Jiyva
Lugonu

Shops:
D:4 [   D:5 :   D:10 (   D:13 !(=*   D:14 [   Orc:2 *=[(   Vaults:2 [

Portals:
Hell: Depths:1 Depths:2 Depths:3 Depths:4 Depths:5
Abyss: Depths:1 Depths:4
Pandemonium: Depths:3
Ziggurat: Depths:2

Annotations:
D:7 Rationalist's ghost, novice MiFi


Innate Abilities, Weirdness & Mutations

You have razor-sharp teeth.
You regenerate.
When hurt, damage is shared between your health and your magic reserves.
Your bite disrupts and absorbs the magic of your enemies.
Potions and wands cannot restore your health.
You are immune to rotting.
You are clumsy. (Dex -2)


Message History

Unknown command.
Unknown command.
Unknown command.
Unknown command.
Unknown command.
Put on which piece of jewellery? (? for menu, Esc to quit)
You can only put on jewellery.
Unknown command.
Put on which piece of jewellery? (? for menu, Esc to quit)
You remove the amulet of Lumebuhe {Gourm -Tele rElec rC++ Slay+3}.
You block the doom hound's attack. x2
The phantasmal warrior falters for a moment.
You block the skeletal warrior's attack.
The Tzitzimitl falters for a moment.
The reaper hits you but does no damage. You block the reaper's attack.
You sense that the amulet cannot attune itself to your injured body.
v - the amulet of Vitality (around neck) {Regen+ HP+15} You block the shadow dragon's attack. x2; The shadow dragon barely misses you.
The doom hound bites you!
You die...

........#)...##)=##...##)}:#*...#
.......§.....##:=.......|.|#*...#
......§.)....###############*...#
.............################...#
.............§§§...W............#
.............§42§...............#
.n...........3W22§§...∩.........#
..............nDzW§..........†..#
............Z§3Z@Z§.............#
∩,............2hn1§.............#
,,,...........§§Z§§.............#
****#############################


You could see a shadow dragon, a doom hound, a Tzitzimitl, 3 reapers, a skeletal
warrior, a sun demon, a shadow demon, an ice devil, a freezing wraith, a
phantom, a chaos spawn, 2 necrophages, a dire elephant skeleton, a storm dragon
skeleton and an elf skeleton.

Vanquished Creatures
  the Royal Jelly (Slime:5)
  An ancient lich (Crypt:3)
  Khufu (Crypt:1)
  Mara (Shoals:3)
  2 greater mummies (Crypt:1)
  Frederick (Depths:4)
  Boris (Crypt:2)
  Saint Roka (Orc:2)
  Geryon (Hell)
  5 golden dragons
  Jory (Depths:4)
  A doom hound (Tar:1)
  5 Tzitzimimeh
  4 bone dragons
  Arachne (Spider:2)
  8 liches
  Jorgrun (Vaults:3)
  4 tentacled monstrosities
  2 deep elf blademasters (Elf:3)
  Rupert (Spider:1)
  Asterion (Spider:1)
  2 deep elf master archers (Elf:3)
  A quicksilver dragon (Depths:5)
  4 titans
  14 acid blobs
  3 sphinxes
  Polyphemus (Shoals:2)
  4 storm dragons
  Donald (Shoals:3)
  7 shadow dragons
  5 tengu reavers
  2 ancient champions (Hell)
  Kirke (Spider:2)
  Ilsuiw (Shoals:4)
  Roxanne (D:15)
  The ghost of Gorice the Fencer, an adept DsMo of Okawaru (Spider:3)
  2 revenants
  14 fire giants
  10 azure jellies
  14 vault wardens
  5 deep elf sorcerers
  3 iron dragons
  4 orc warlords
  15 frost giants
  Aizul (Depths:2)
  6 ghost moths
  Louise (Shoals:3)
  5 deep elf elementalists
  A spriggan defender (Depths:2)
  14 reapers
  2 emperor scorpions
  2 war gargoyles
  2 cacodemons (Hell)
  14 very ugly things
  13 ironheart preservers
  16 ghouls
  2 draconian annihilators (Depths:5)
  24 stone giants
  3 entropy weavers
  6 vampire knights
  A green draconian (Depths:5)
  9 deep elf demonologists
  7 deep elf annihilators (Elf:3)
  A red draconian (Depths:5)
  A mottled draconian (Depths:5)
  2 spark wasps (Spider:4)
  5 merfolk javelineers
  14 ettins
  12 deep elf death magi
  A minotaur (Lab)
  A small abomination (Vaults:5)
  7 death oozes (Slime:5)
  A mummy priest (Crypt:3)
  11 eidola
  A quicksilver dragon zombie (Tar:7)
  9 deep elf high priests
  11 fire dragons
  10 jiangshi
  10 merfolk impalers
  12 ogre magi
  13 great orbs of eyes
  9 rakshasas
  A great orb of eyes (shapeshifter) (D:15)
  2 ghost crabs (Tar:7)
  16 yaktaur captains
  39 vault guards
  2 quicksilver dragon skeletons
  6 hydras
  A ghost crab (shapeshifter) (Depths:3)
  17 ice dragons
  2 merfolk aquamancers
  5 catoblepae
  4 spriggan air magi
  8 merfolk avatars
  32 dancing weapons
  5 death knights
  10 deep troll shamans
  10 death yaks
  An alligator snapping turtle (Shoals:4)
  6 satyrs
  9 centaur warriors
  5 vampire magi
  3 hell hogs (Hell)
  10 deep troll earth magi
  A titan zombie (Crypt:3)
  8 tengu warriors
  3 orc high priests
  13 soul eaters
  4 sun demons (Hell)
  13 spriggan berserkers
  2 fire crabs
  A storm dragon zombie (Crypt:2)
  5 hell knights
  2 titan skeletons
  21 deep elf knights
  A fire crab (shapeshifter) (D:15)
  A storm dragon skeleton (Tar:5)
  4 shadow wraiths
  A death drake (Tar:3)
  A sea snake (shapeshifter) (Vaults:5)
  A ghost moth zombie (Crypt:3)
  43 skeletal warriors
  A golden dragon zombie (Crypt:3)
  15 sea snakes
  7 flayed ghosts
  3 unseen horrors
  4 iron trolls
  3 wizards
  40 deep trolls
  An anaconda zombie (Hell)
  14 phantasmal warriors
  7 giant orange brains
  An unseen horror (shapeshifter) (Vaults:5)
  2 shadow demons
  An anubis guard (shapeshifter) (Vaults:5)
  22 deep elf archers
  9 hill giants
  A kraken simulacrum (Hell)
  12 orc knights
  17 necromancers
  17 ironbrand convokers
  2 shadow dragon zombies (Crypt:3)
  2 wolf spider zombies
  26 harpies
  23 orb spiders
  An anaconda skeleton (Crypt:3)
  2 stone giant zombies
  8 cyclopes
  2 shadow dragon skeletons
  9 orc sorcerers
  8 hornets
  An iron dragon zombie (Crypt:3)
  30 ugly things
  2 shining eyes (Slime:5)
  29 wolf spiders
  2 fire giant zombies
  3 frost giant zombies
  20 fauns
  19 griffons
  A manticore (shapeshifter) (Vaults:5)
  62 deep elf magi
  A griffon (shapeshifter) (Depths:4)
  An iron dragon skeleton (Tar:1)
  A faun (shapeshifter) (Vaults:5)
  A shock serpent zombie (Crypt:3)
  Maurice (D:8)
  6 manticores
  An ice statue (Hell)
  3 moths of wrath
  4 sixfirhies (Hell)
  15 elephants
  5 sirens
  3 stone giant skeletons
  2 dire elephant zombies
  An elephant (shapeshifter) (Vaults:5)
  17 vault sentinels
  2 molten gargoyles (Hell)
  A fire giant skeleton (Tar:1)
  A guardian serpent (shapeshifter) (Vaults:4)
  A rust devil (Hell)
  3 frost giant skeletons
  6 water nymphs
  An octopode (shapeshifter) (Depths:3)
  A black mamba (shapeshifter) (Depths:4)
  A dire elephant skeleton (Tar:7)
  2 eyes of devastation (Slime:5)
  7 black mambas
  A human skeleton (Vaults:3)
  3 spiny frogs (shapeshifter)
  2 torpor snails (Spider:2)
  The ghost of JustSomeDude the Ducker, a novice DsMo (D:6)
  2 gargoyles
  An orange demon (Hell)
  7 spiny frogs
  A torpor snail (shapeshifter) (Depths:2)
  4 komodo dragons
  6 kobold demonologists
  2 shock serpent skeletons
  6 tormentors
  52 yaktaurs
  A human zombie (Vaults:3)
  8 ice devils (Hell)
  A rime drake (shapeshifter) (Depths:4)
  14 demonic crawlers
  2 hellions
  A rime drake (Lair:6)
  An iron troll zombie (Crypt:2)
  17 freezing wraiths
  A catoblepas skeleton (Hell)
  A guardian mummy (Crypt:3)
  2 yaktaurs (shapeshifter)
  A komodo dragon (shapeshifter) (Elf:1)
  13 hellwings (Crypt:3)
  2 silent spectres (Tar:1)
  2 queen bees
  2 tengu conjurers
  A yaktaur skeleton (Vaults:3)
  A meliai (shapeshifter) (Vaults:4)
  9 trolls
  4 hydra zombies
  6 meliai
  2 red devils (Hell)
  A jumping spider (shapeshifter) (Depths:4)
  A harpy zombie (Tar:7)
  A merfolk (shapeshifter) (Vaults:5)
  41 jumping spiders
  A polar bear (Lair:6)
  2 hydra skeletons
  26 merfolk
  An ice dragon zombie (Crypt:2)
  17 two-headed ogres
  12 blink frogs
  2 ettin zombies (Tar:7)
  2 bog bodies (Crypt:2)
  5 boulder beetles
  A harpy skeleton (Crypt:1)
  2 fire dragon zombies
  A satyr zombie (Crypt:1)
  3 wind drakes
  48 slime creatures
  4 snapping turtles
  2 ushabtiu (Crypt:3)
  An alligator zombie (Hell)
  A meliai zombie (D:13)
  6 air elementals
  A deep troll skeleton (Depths:1)
  25 shadows
  A centaur simulacrum (D:14)
  73 redbacks
  4 ettin skeletons
  18 water elementals
  36 tarantellas
  3 wyverns
  An alligator skeleton (Hell)
  A redback (shapeshifter) (Depths:4)
  A spriggan (shapeshifter) (Depths:1)
  8 wraiths
  75 yaks
  A basilisk (shapeshifter) (Vaults:5)
  A human (shapeshifter) (D:15)
  4 fire dragon skeletons
  2 ice dragon skeletons (Crypt:3)
  7 spriggans
  2 tarantellas (shapeshifter)
  2 basilisks
  8 fire elementals
  11 hippogriffs
  9 golden eyes (Slime:5)
  A giant leech zombie (Crypt:1)
  14 vampire mosquitoes
  2 hill giant skeletons
  2 hungry ghosts (D:15)
  2 mottled dragons
  A soldier ant (D:11)
  6 wargs
  A harpy simulacrum (D:15)
  A swamp worm (shapeshifter) (Elf:2)
  10 water moccasins
  3 giant eyeballs
  2 spiny frog zombies
  9 porcupines
  6 hell hounds
  A gelid demonspawn skeleton (Crypt:2)
  A monstrous demonspawn skeleton (Crypt:3)
  6 sky beasts
  2 spiny frog skeletons (Hell)
  2 eyes of draining (shapeshifter)
  A snapping turtle zombie (Crypt:3)
  6 eyes of draining
  4 ice beasts
  38 orc warriors
  6 phantoms
  An ice dragon simulacrum (Crypt:2)
  34 ogres
  A manticore zombie (Crypt:3)
  4 boggarts (Depths:4)
  9 wasps
  An alligator simulacrum (Hell)
  13 necrophages
  22 centaurs
  18 crocodiles
  A snapping turtle skeleton (Tar:4)
  3 big kobolds
  20 giant frogs
  Blork the orc (Orc:2)
  4 earth elementals
  2 wyvern zombies
  A spiny frog simulacrum (Hell)
  A cyclops zombie (Crypt:1)
  9 wyvern skeletons
  4 scorpions
  A spriggan zombie (Crypt:2)
  40 killer bees
  A troll skeleton (Crypt:3)
  An electric eel (D:14)
  4 howler monkeys
  A spriggan skeleton (Tar:1)
  7 wights
  9 crimson imps
  3 giant frog zombies
  3 human simulacra
  9 hounds
  A quasit (D:10)
  2 centaur zombies
  A giant frog skeleton (D:12)
  2 jellies
  Crazy Yiuf (D:4)
  2 iron imps
  24 orc priests
  22 orc wizards
  4 centaur skeletons
  12 iguanas
  Jessica (D:2)
  Ijyb (D:2)
  Terence (D:2)
  13 worker ants
  2 hell rats (Lair:4)
  26 sheep
  A killer bee zombie (Crypt:2)
  A tengu zombie (Hell)
  A hound skeleton (D:9)
  A mummy (Crypt:1)
  2 worker ant zombies
  6 gnolls
  A howler monkey skeleton (D:5)
  12 adders
  55 river rats
  5 shadow imps
  4 white imps (IceCv)
  3 ufetubi (IceCv)
  An ooze (D:5)
  2 adder skeletons
  4 adder zombies
  5 worms
  5 dart slugs
  3 giant geckos
  88 orcs
  5 bats
  5 giant cockroaches
  A gnoll zombie (Crypt:2)
  4 hobgoblins
  13 jackals
  6 quokkas
  2 ball pythons
  A giant gecko skeleton (Crypt:2)
  6 giant newts
  4 goblins
  14 kobolds
  A kobold zombie (Crypt:3)
  15 rats
  A rat zombie (Crypt:1)
  A butterfly (Lair:2)
  2 crawling corpses (Elf:3)
  2 plants (Lair:1)
  A tentacle (Hell)
2664 creatures vanquished.

Vanquished Creatures (collateral kills)
  2 death yaks (Lair:6)
  2 yaks (Lair:6)
  A fire elemental (Hell)
  2 plants (Shoals:4)
7 creatures vanquished.

Vanquished Creatures (others)
  2 reapers (Hell)
  5 stone giants
  A merfolk javelineer (Shoals:4)
  2 deep troll earth magi
  A deep troll (Depths:1)
  A deep elf archer (Elf:1)
  A deep elf mage (Elf:2)
  An orc sorcerer (Vaults:5)
  A faun (Shoals:1)
  2 yaktaurs
  A freezing wraith (Vaults:4)
  A jumping spider (Spider:2)
  A blink frog (Lair:6)
  5 humans (Spider:2)
  A tarantella (Spider:2)
  A mottled dragon (Vaults:1)
  2 orc warriors (Vaults:5)
  An ogre (Vaults:3)
  2 centaurs (D:15)
  An orc priest (Orc:2)
  An orc wizard (D:4)
  3 white imps (IceCv)
  6 ufetubi (IceCv)
  2 orcs
  2 bushes
  10 fungi
  68 plants
  3 tentacles (Hell)
  56 tentacle segments (Hell)
  4 toadstools (D:1)
  3 withered plants (Crypt:3)
191 creatures vanquished.

Grand Total: 2862 creatures vanquished

Notes
Turn   | Place    | Note
-------+----------+-------------------------------------------
     0 | D:1      | HAL9000 the Vine Stalker Enchanter began the quest for the Orb.
     0 | D:1      | Reached XP level 1. HP: 9/9 MP: 4/4
    10 | D:1      | Upgraded the game from 0.19-a0-1035-gdbfb0c6 to 0.19-a0-1041-g82b1012
    95 | D:1      | Reached skill level 1 in Short Blades
   166 | D:1      | Reached XP level 2. HP: 13/14 MP: 6/6
   174 | D:1      | Learned a level 2 spell: Ensorcelled Hibernation
   367 | D:1      | Reached skill level 1 in Fighting
   652 | D:2      | Noticed Ijyb
   725 | D:2      | Killed Ijyb
   725 | D:2      | Reached XP level 3. HP: 17/18 MP: 3/7
   956 | D:2      | Reached XP level 4. HP: 22/22 MP: 3/8
   995 | D:2      | Learned a level 3 spell: Confuse
  1166 | D:2      | Noticed Terence
  1168 | D:2      | Killed Terence
  1183 | D:2      | Noticed Jessica
  1189 | D:2      | Killed Jessica
  1189 | D:2      | Reached XP level 5. HP: 24/26 MP: 5/9
  1934 | D:3      | Gained mutation: You heal very quickly. [Vine Stalker growth]
  1934 | D:3      | Reached XP level 6. HP: 30/30 MP: 10/10
  2577 | D:4      | Reached skill level 5 in Hexes
  2667 | D:4      | Reached XP level 7. HP: 32/35 MP: 7/11
  3014 | D:4      | Found Neusy's Armour Shoppe.
  3043 | D:4      | Bought a +0 cloak of magic resistance for 149 gold pieces
  3124 | D:4      | Found a runed door.
  3204 | D:4      | Noticed Crazy Yiuf
  3208 | D:4      | Killed Crazy Yiuf
  3339 | D:5      | Entered Level 5 of the Dungeon
  3462 | D:5      | Reached skill level 5 in Short Blades
  3462 | D:5      | Gained mutation: You have razor-sharp teeth. [Vine Stalker growth]
  3462 | D:5      | Reached XP level 8. HP: 36/40 MP: 5/12
  3568 | D:5      | Found Sicec's Book Boutique.
  3634 | D:5      | Found an iron altar of Okawaru.
  3826 | D:5      | Found a hazy altar of Hepliaklqana.
  3887 | D:5      | Found a burning altar of Makhleb.
  4038 | D:5      | Found a staircase to the Ecumenical Temple.
  4045 | Temple   | Entered the Ecumenical Temple
  4051 | Temple   | Became a worshipper of Dithmenos the Shadowed
  4256 | D:6      | Noticed JustSomeDude's ghost (novice DsMo)
  4681 | D:6      | Killed JustSomeDude's ghost
  4944 | D:6      | Reached XP level 9. HP: 43/46 MP: 2/13
  4970 | D:6      | Found a stormy altar of Qazlal.
  4974 | D:6      | Found a glowing golden altar of the Shining One.
  4977 | D:6      | Found a white marble altar of Elyvilon.
  5430 | D:7      | Noticed Rationalist's ghost (novice MiFi)
  5531 | D:6      | Reached * piety under Dithmenos
  6139 | D:8      | Reached skill level 5 in Fighting
  6197 | D:8      | Noticed Maurice
  6404 | D:8      | Killed Maurice
  6747 | D:8      | Reached XP level 10. HP: 51/51 MP: 11/14
  7093 | D:9      | Reached ** piety under Dithmenos
  8166 | D:10     | Entered Level 10 of the Dungeon
  8286 | D:10     | Noticed a hill giant
  8677 | D:10     | Found Mealioh's Weapon Shop.
  8722 | D:10     | Bought a +4 short sword of draining for 383 gold pieces
  9335 | D:9      | Reached XP level 11. HP: 58/58 MP: 15/15
  9446 | D:10     | Killed a hill giant
  9446 | D:10     | Reached skill level 10 in Short Blades
  9797 | D:11     | Noticed a hill giant
  9824 | D:11     | Killed a hill giant
  9967 | D:11     | Found a frozen archway.
  9978 | IceCv    | Entered an ice cave
 10002 | IceCv    | Reached *** piety under Dithmenos
 10180 | D:11     | Found a staircase to the Lair.
 10439 | D:11     | Noticed a cyclops
 10563 | D:11     | Killed a cyclops
 10928 | Lair:1   | Entered Level 1 of the Lair of Beasts
 10952 | Lair:1   | Reached skill level 5 in Dodging
 11420 | Lair:1   | Reached **** piety under Dithmenos
 11745 | Lair:1   | Gained mutation: You regenerate. [Vine Stalker growth]
 11745 | Lair:1   | Reached XP level 12. HP: 64/64 MP: 12/19
 11747 | Lair:1   | Reached skill level 5 in Stealth
 12645 | Lair:2   | Noticed a catoblepas
 12654 | Lair:2   | Killed a catoblepas
 12997 | Lair:1   | Learned a level 6 spell: Invisibility
 13151 | Lair:2   | Found a staircase to the Shoals.
 13302 | Lair:2   | Reached skill level 1 in Shields
 13385 | Lair:2   | Reached skill level 2 in Shields
 13635 | Lair:2   | Reached skill level 3 in Shields
 14284 | Lair:3   | Reached skill level 4 in Shields
 15208 | Lair:4   | Found a hole to the Spider Nest.
 15675 | Lair:4   | Reached skill level 5 in Shields
 16096 | Lair:5   | Noticed an eight-headed hydra
 16100 | Lair:5   | Killed an eight-headed hydra
 16152 | Lair:5   | Reached skill level 6 in Shields
 16152 | Lair:5   | Reached XP level 13. HP: 60/68 MP: 13/21
 16710 | Lair:5   | Reached skill level 7 in Shields
 16875 | Lair:5   | Found a viscous altar of Jiyva.
 16875 | Lair:5   | Found a staircase to the Slime Pits.
 17275 | Lair:6   | Entered Level 6 of the Lair of Beasts
 17312 | Lair:6   | Found a labyrinth entrance.
 17332 | Lab      | Entered a labyrinth
 18451 | Lab      | Noticed a minotaur
 18485 | Lab      | Killed a minotaur
 18488 | Lab      | Got a bronze scale mail
 18540 | Lab      | Got a jewelled scale mail
 18556 | Lair:6   | Identified the +2 scale mail of Hide-and-Seek {Str+2 SInv Stlth+} (You found it in a labyrinth)
 18566 | Lair:6   | Identified the +9 scale mail of Povox {rC+ MR+} (You took it off a minotaur in a labyrinth)
 18644 | Lair:6   | Reached skill level 10 in Hexes
 19121 | Lair:6   | Reached skill level 8 in Shields
 19502 | Lair:6   | Reached XP level 14. HP: 73/73 MP: 22/22
 20053 | Lair:6   | Reached skill level 9 in Shields
 20196 | Lair:6   | HP: 3/73 [catoblepas (8)]
 20756 | Lair:6   | HP: 3/73 [catoblepas (14)]
 21044 | Lair:6   | Got a pitted cloak
 21055 | Lair:6   | Identified the +0 cloak of Distant Shores {+Fly rPois rF+ Dex+8} (You found it on level 6 of the Lair of Beasts)
 21867 | D:12     | Found a staircase to the Orcish Mines.
 21885 | D:12     | Reached skill level 1 in Armour
 22446 | D:13     | Found Araodoiq's Assorted Antiques.
 22471 | D:13     | Reached ***** piety under Dithmenos
 22541 | D:13     | Found Paacrext's Antique Weapon Shoppe.
 22621 | D:13     | Found Hywneu's Jewellery Boutique.
 22624 | D:13     | Found Dutoif Mesko's Distillery.
 22640 | D:13     | Found a basalt altar of Yredelemnul.
 22890 | D:13     | Found a portal to a secret trove of treasure.
 23121 | D:13     | Reached XP level 15. HP: 74/77 MP: 23/23
 23213 | D:13     | HP: 3/77 [meliai/divine providence (7)]
 23362 | D:13     | Reached skill level 10 in Shields
 23856 | D:14     | Found a blossoming altar of Fedhas.
 24046 | D:14     | Reached ****** piety under Dithmenos
 24264 | D:14     | Found a gate to the Vaults.
 24275 | D:14     | Got an ominously black robe
 24286 | D:14     | Identified the cursed +0 robe of Divine Intervention {Dex+2} (You found it on level 14 of the Dungeon)
 24495 | D:14     | Found Zaamubil's Armour Shop.
 24510 | D:14     | Bought a +2 pair of gloves of dexterity for 301 gold pieces
 24702 | D:15     | Entered Level 15 of the Dungeon
 25167 | D:15     | Noticed Roxanne
 25247 | D:15     | Reached skill level 5 in Armour
 25264 | D:15     | Found a staircase to the Depths.
 25319 | D:15     | Reached skill level 10 in Stealth
 25436 | D:15     | Identified a scroll of acquirement
 26660 | D:12     | Reached skill level 11 in Shields
 26668 | Orc:1    | Entered Level 1 of the Orcish Mines
 26842 | Orc:2    | Entered Level 2 of the Orcish Mines
 26932 | Orc:2    | Reached XP level 16. HP: 82/82 MP: 24/24
 27098 | Orc:2    | Found a staircase to the Elven Halls.
 27117 | Orc:2    | Noticed Saint Roka
 27165 | Orc:2    | Noticed Blork the orc
 27274 | Orc:2    | Found a roughly hewn altar of Beogh.
 27334 | Orc:2    | Killed Blork the orc
 27383 | Orc:2    | Found Atuph's General Store.
 27488 | Orc:2    | Killed Saint Roka
 27879 | Orc:2    | Found Ogikoze's Jewellery Emporium.
 27901 | Orc:2    | Found Bigorur's Antique Weapon Emporium.
 27909 | Orc:2    | Bought a warped dagger for 196 gold pieces
 27909 | Orc:2    | Identified the +5 dagger of Zin's Castigation {speed, MR++} (You bought it in a shop on level 2 of the Orcish Mines)
 27948 | Orc:2    | Found Bitsogeo's Antique Armour Emporium.
 28457 | D:4      | Bought the +0 mask of the Dragon {MR+ Slay+3 SInv} for 434 gold pieces
 28457 | D:4      | Bought the +0 pair of boots "Erid" {*Confuse +Fly MR++ Int+4} for 322 gold pieces
 28682 | Lair:1   | Learned a level 5 spell: Yara's Violent Unravelling
 28682 | Lair:1   | Upgraded the game from 0.19-a0-1041-g82b1012 to 0.19-a0-1049-g462a813
 28778 | Spider:1 | Entered Level 1 of the Spider Nest
 28824 | Spider:1 | Reached skill level 1 in Evocations
 29022 | Spider:1 | Identified the Incunabulum of the Gliding Traveller
 29094 | Spider:1 | Noticed Rupert
 29098 | Spider:1 | Killed Rupert
 29245 | Spider:1 | Reached skill level 5 in Evocations
 29766 | Spider:2 | Noticed Asterion
 30077 | Spider:2 | Noticed Arachne
 30088 | Spider:2 | Killed Arachne
 30496 | Spider:2 | Learned a level 2 spell: Blink
 30540 | Spider:2 | Noticed Kirke
 30552 | Spider:2 | Killed Kirke
 30981 | Spider:2 | Reached XP level 17. HP: 87/87 MP: 25/25
 31185 | Spider:1 | Killed Asterion
 31440 | Spider:2 | Got a warped rapier
 31441 | Spider:2 | Identified the cursed +2 rapier "Hellblazer" {venom, Dex+4} (You found it on level 2 of the Spider Nest)
 31744 | Spider:3 | Noticed Gorice's ghost (adept DsMo)
 32973 | Spider:3 | Killed Gorice's ghost
 33467 | Spider:4 | Entered Level 4 of the Spider Nest
 33793 | Spider:4 | Reached skill level 12 in Shields
 34220 | Spider:4 | Reached skill level 10 in Fighting
 34269 | Spider:4 | Reached XP level 18. HP: 93/93 MP: 26/26
 34532 | Spider:4 | Got a gossamer rune of Zot
 34990 | Shoals:1 | Entered Level 1 of the Shoals
 35086 | Shoals:1 | Learned a level 2 spell: Shroud of Golubria
 35161 | Shoals:1 | Reached skill level 1 in Charms
 35166 | Shoals:1 | Reached skill level 1 in Translocations
 35560 | Shoals:2 | Noticed Polyphemus
 36291 | Shoals:2 | Killed Polyphemus
 36526 | Shoals:3 | Noticed Donald
 36529 | Shoals:3 | Killed Donald
 36532 | Shoals:3 | Noticed Louise
 36577 | Shoals:3 | Killed Louise
 36894 | Shoals:3 | Noticed Mara
 36898 | Shoals:3 | Killed Mara
 37315 | Shoals:4 | Entered Level 4 of the Shoals
 37335 | Shoals:3 | Reached skill level 13 in Shields
 37763 | Shoals:4 | Reached XP level 19. HP: 98/98 MP: 27/27
 37918 | Shoals:4 | Got a barnacled rune of Zot
 38025 | Shoals:4 | Reached skill level 14 in Shields
 38096 | Shoals:4 | Found a runed door.
 38317 | Shoals:4 | Noticed Ilsuiw
 38359 | Shoals:4 | Killed Ilsuiw
 38548 | Shoals:4 | Reached skill level 15 in Shields
 38988 | Vaults:1 | Entered Level 1 of the Vaults
 39297 | Vaults:1 | Reached skill level 1 in Transmutations
 40477 | Vaults:2 | Reached XP level 20. HP: 104/104 MP: 28/28
 40508 | Vaults:2 | Found Bosene Noyd's Armour Shop.
 40630 | Vaults:2 | Bought the +3 pair of gauntlets of War {Slay+5} for 712 gold pieces
 41998 | Vaults:3 | Noticed a bone dragon
 41999 | Vaults:3 | Found a staircase to the Crypt.
 42015 | Vaults:3 | Killed a bone dragon
 42095 | Vaults:3 | Noticed Jorgrun
 42097 | Vaults:3 | Killed Jorgrun
 42592 | Vaults:4 | Reached skill level 15 in Stealth
 42702 | Vaults:4 | Reached skill level 10 in Armour
 42865 | Vaults:4 | Noticed a Brimstone Fiend
 43079 | Vaults:4 | Got a faintly glowing iron ring
 43206 | Vaults:4 | Reached XP level 21. HP: 111/111 MP: 29/29
 43351 | Vaults:4 | Identified the ring of Acreff {*Tele +Inv} (You took it off a yaktaur captain on level 4 of the Vaults)
 43472 | Vaults:4 | Identified the Compendium of Earth and Orientation
 44739 | Elf:1    | Entered Level 1 of the Elven Halls
 44753 | Elf:1    | Found a radiant altar of Vehumet.
 46077 | Elf:2    | Found a runed gate.
 46078 | Elf:2    | Found a runed gate.
 46084 | Elf:2    | Found a runed gate.
 46123 | Elf:2    | Got a polished cloak
 46124 | Elf:2    | Identified the +3 cloak "Kemn" {Str+3 Int-4} (You found it on level 2 of the Elven Halls)
 46427 | Elf:2    | Reached XP level 22. HP: 119/119 MP: 30/30
 46795 | Elf:3    | Entered Level 3 of the Elven Halls
 47354 | Elf:3    | Got a scorched glass ring
 47355 | Elf:3    | Identified the ring of Nexad Toem {EV+1 Str+3} (You found it on level 3 of the Elven Halls)
 47382 | Elf:3    | Identified the Catalogue of Evil Moulding
 47385 | Elf:3    | Got a twitching tin ring
 47386 | Elf:3    | Identified the ring "Sumetouc" {rF+ rN+ Dex+5 Slay-6} (You found it on level 3 of the Elven Halls)
 48443 | Vaults:5 | Entered Level 5 of the Vaults
 48566 | Vaults:5 | Noticed a golden dragon
 48579 | Vaults:5 | Reached skill level 1 in Invocations
 48787 | Vaults:5 | Reached XP level 23. HP: 125/125 MP: 27/31
 49191 | Vaults:5 | Gained mutation: You are clumsy. (Dex -2) [you]
 49231 | Vaults:5 | Killed a golden dragon
 49376 | Vaults:5 | Reached skill level 15 in Fighting
 49383 | Vaults:5 | Got a silver rune of Zot
 49426 | Vaults:5 | Identified the Compendium of Dislocated Toxins (You found it on level 5 of the Vaults)
 49501 | Vaults:5 | Noticed a golden dragon
 49524 | Vaults:5 | Killed a golden dragon
 49595 | Vaults:5 | Noticed a golden dragon
 49598 | Vaults:5 | Killed a golden dragon
 49996 | Vaults:5 | Reached skill level 5 in Invocations
 50031 | Vaults:5 | Reached skill level 10 in Dodging
 50273 | Vaults:5 | Reached XP level 24. HP: 132/132 MP: 31/31
 50305 | Vaults:5 | Identified Helyoff's Guide on Supportive Shape Shifting (You found it on level 5 of the Vaults)
 50647 | Vaults:5 | Identified the Collected Works on the Dark Oath
 50721 | Vaults:5 | Identified the Catalogue of Slavery and Aid (You found it on level 5 of the Vaults)
 51010 | Lair:1   | Upgraded the game from 0.19-a0-1049-g462a813 to 0.19-a0-1051-gdb7e7f8
 51051 | D:13     | Bought a scroll of enchant weapon for 142 gold pieces
 51162 | D:15     | Killed Roxanne
 51204 | Depths:1 | Entered Level 1 of the Depths
 51664 | Depths:1 | Found a one-way gate to the infinite horrors of the Abyss.
 52024 | Depths:1 | Found a gateway to Hell.
 52910 | Depths:2 | Got an encrusted rapier
 52911 | Depths:2 | Identified the +4 rapier "Beastslayer" {drain, *Noise +Inv Str+3} (You found it on level 2 of the Depths)
 53030 | Depths:2 | Reached skill level 16 in Shields
 53087 | Depths:2 | Noticed Aizul
 53092 | Depths:2 | Killed Aizul
 53200 | Depths:2 | Found a gateway to a ziggurat.
 53537 | Depths:3 | Reached XP level 25. HP: 137/137 MP: 31/31
 54107 | Depths:3 | Found a one-way gate leading to the halls of Pandemonium.
 54457 | Depths:4 | Noticed Jory
 54470 | Depths:4 | Killed Jory
 54708 | Depths:4 | Noticed Frederick
 54711 | Depths:4 | Killed Frederick
 54898 | Depths:4 | Identified Sif Muna's Disquisition on Black Rites and Companions (You found it on level 4 of the Depths)
 54903 | Depths:4 | Learned a level 3 spell: Regeneration
 55099 | Depths:4 | Found a corrupted altar of Lugonu.
 55123 | Depths:4 | Reached skill level 10 in Evocations
 55923 | Depths:5 | Entered Level 5 of the Depths
 55954 | Depths:5 | Reached XP level 26. HP: 144/144 MP: 31/31
 56183 | Depths:5 | Found a gate to the Realm of Zot.
 56209 | Depths:5 | Paralysed by a giant eyeball for 3 turns
 56217 | Depths:5 | Paralysed by a giant eyeball for 4 turns
 56232 | Depths:5 | Paralysed by a giant eyeball for 4 turns
 56647 | Depths:5 | Reached skill level 10 in Invocations
 56904 | Lair:1   | Learned a level 2 spell: Swiftness
 57015 | Slime:1  | Entered Level 1 of the Pits of Slime
 57150 | Slime:5  | Entered Level 5 of the Pits of Slime
 57254 | Slime:5  | Reached skill level 1 in Long Blades
 57286 | Slime:5  | Noticed the Royal Jelly
 57287 | Slime:5  | Found a viscous altar of Jiyva.
 57288 | Slime:5  | Killed the Royal Jelly
 57365 | Slime:5  | Reached skill level 5 in Long Blades
 57585 | Slime:5  | Got a brightly glowing diamond amulet
 57586 | Slime:5  | Identified the amulet "Obyrr" {RegenMP MP+9 Int+3} (You found it on level 5 of the Pits of Slime)
 57616 | Slime:5  | Identified the Tome of Creative Transmutation
 57621 | Slime:5  | Got a steaming silver ring
 57622 | Slime:5  | Identified the ring of Trepidation {SustAt Slay+3} (You found it on level 5 of the Pits of Slime)
 57661 | Slime:5  | Got a slimy rune of Zot
 57677 | Slime:5  | Got a polished large shield
 57994 | Lair:1   | Identified the +2 large shield "Uref Uto" {+Blink rPois rCorr Dex+7} (You found it on level 5 of the Pits of Slime)
 58254 | Crypt:1  | Entered Level 1 of the Crypt
 58440 | Crypt:1  | Noticed Khufu
 58441 | Crypt:1  | Noticed a greater mummy
 58468 | Crypt:1  | Noticed a greater mummy
 58663 | Crypt:1  | Reached skill level 17 in Shields
 59505 | Crypt:1  | Killed a greater mummy
 59520 | Crypt:1  | Killed Khufu
 59520 | Crypt:1  | Reached XP level 27. HP: 93/149 MP: 24/32
 59534 | Crypt:1  | Killed a greater mummy
 59842 | Crypt:2  | Reached skill level 18 in Shields
 60174 | Crypt:2  | Noticed Boris
 60177 | Crypt:2  | Killed Boris
 60302 | Crypt:3  | Entered Level 3 of the Crypt
 60804 | Crypt:3  | Found an ancient bone altar of Kikubaaqudgha.
 60935 | Crypt:3  | Reached skill level 19 in Shields
 61063 | Crypt:3  | Found a staircase to the Tomb.
 61512 | Crypt:3  | Noticed an ancient lich
 61529 | Crypt:3  | Killed an ancient lich
 61535 | Crypt:3  | Got a scintillating golden ring
 61536 | Crypt:3  | Identified the ring of Nuerru {Wiz *Corrode rPois MP+9 Stlth+} (You found it on level 3 of the Crypt)
 62048 | D:13     | You paid a toll of a +8 demon blade to enter a treasure trove
 62049 | Trove    | Entered a treasure trove
 62062 | Trove    | Got a fine silver ring
 62064 | Trove    | Identified the ring "Ecaph" {rElec MR+ Str+2} (You found it in a treasure trove)
 62070 | Trove    | Got a shimmering ruby amulet
 62072 | Trove    | Got an ichor-stained rapier
 62075 | Trove    | Got a bound ruby amulet
 62083 | Trove    | Got a crude large shield
 62165 | Lair:1   | Identified the amulet of Lumebuhe {Gourm -Tele rElec rC++ Slay+3} (You found it in a treasure trove)
 62167 | Lair:1   | Identified the amulet of Narchemu {Gourm Dex+4} (You found it in a treasure trove)
 62179 | Lair:1   | Identified the +6 rapier "Jellyslayer" {freeze, Int+3} (You found it in a treasure trove)
 62192 | Lair:1   | Identified the +1 large shield "Lohal" {-Cast rCorr Str+3} (You found it in a treasure trove)
 62377 | Hell     | Entered the Vestibule of Hell
 62377 | Hell     | Noticed Geryon
 62393 | Hell     | Killed Geryon
 62427 | Hell     | Found a gateway to the ashen valley of Gehenna.
 62506 | Hell     | Reached skill level 20 in Shields
 62557 | Hell     | Found a gateway to the decaying netherworld of Tartarus.
 62737 | Hell     | Found a gateway to the freezing wastes of Cocytus.
 62912 | Hell     | Found a gateway to the Iron City of Dis.
 63001 | Tar:1    | Entered Level 1 of Tartarus
 63085 | Tar:1    | Reached skill level 21 in Shields
 63691 | Tar:7    | Entered Level 7 of Tartarus
 63889 | Tar:7    | Identified the Papyrus of Stones and the Glacier
 63973 | Tar:7    | Reached skill level 22 in Shields
 64032 | Tar:7    | Got an encrusted rapier
 64033 | Tar:7    | Identified the cursed +1 rapier "Nevimeumn" {drain, rElec Dex+4} (You found it on level 7 of Tartarus)
 64202 | Tar:7    | HP: 4/149 [Tzitzimitl[the effects of Hell] (15)]
 64204 | Tar:7    | Slain by a doom hound

Vault maps used:
D:1:      ldierk_walled_garden_2, serial_forest, infiniplex_forest_straight_1,
          infiniplex_forest_end_2, infiniplex_forest_clump_long,
          infiniplex_forest_corner_1, serial_park_tiny_pond
D:2:      uniq_jessica, uniq_terence, uniq_iyjb
D:3:      first_bread
D:4:      serial_shops, nicolae_shop_statue_plus, uniq_crazy_yiuf_cottage
D:5:      makhleb_blood_cavern_becter, lemuel_coloured_pillars_altar,
          overflow_temple_1_default, serial_shops, kennysheep_mini_moat
D:6:      grunt_temple_overflow_open
D:8:      uniq_maurice
D:9:      the_bakery
D:10:     serial_shops, shop
D:11:     lemuel_flame_loot_2, minmay_lair_entry_grove,
          portal_ice_cave_entry_pillars_2
D:12:     hiddenorc1_lemuel, special_room
D:13:     regret_index_combs_of_tragedy, serial_shops, shop,
          nicolae_shop_overgrown_old_shop, nicolae_shop_trees, shop,
          enter_trove_3, basic_altar
D:14:     david_vaults_2, fedhas_altar_1, serial_shops, shop, fountainhead
D:15:     gammafunk_enter_depths_forms, minmay_misc_feat_four_crosses,
          uniq_roxanne
Temple:   compressed_dpeg_circular_temple
Lair:1:   grunt_megastairs_1, serial_bayou_shore_a, infiniplex_staircase_pool
Lair:2:   minmay_shoals_entry_lonely_mermaid, lemuel_fruit_fields,
          bh_autumn_forest_stairs
Lair:3:   serial_bayou_crossing
Lair:4:   kennysheep_abandoned_house, spider_nest_entry_webs
Lair:5:   slime_altar_1, lemuel_fruit_fields, grunt_megastairs_2
Lair:6:   evilmike_catoblepas_cave, lab_entry_generic, st_stairs_10
Shoals:2: uniq_polyphemus
Shoals:3: uniq_louise, uniq_donald, uniq_mara
Shoals:4: shoals_end_grunt_garden, shoals_ilsuiw_alternative, lightli_airlock
Spider:1: uniq_rupert
Spider:2: nicolae_looking_at_the_future, uniq_arachne, uniq_kirke, uniq_asterion
Spider:4: grunt_spider_rune_parallel
Slime:2:  nicolae_slime_jelly_donut
Orc:1:    enter_volcano_3
Orc:2:    grunt_orc_cross
Elf:1:    eino_elf_arrival_altar, minivault_28
Elf:3:    elf_hall, moated_statue
Vaults:1: nicolae_vaults_little_squares_3, ontoclasm_vaults_ring_square,
          nicolae_vaults_an_arrangement, nicolae_vaults_ring_of_whatevers,
          v_rooms_2, vaults_room_grunt_arrival_ludios, v_misc_13,
          nicolae_vaults_network_quinsquares, nicolae_vaults_asterisk,
          ontoclasm_vaults_loading_screen
Vaults:2: vaults_dpeg_spiral, grunt_vaults_bifocal, vaults_room_stairs_pillars,
          vaults_dpeg_encased_lava, ontoclasm_vaults_fault,
          grunt_vaults_diagonal, vaults_room_fours, hangedman_vaults_snaps,
          vaults_room_fours, vaults_mumra_lcd, serial_shops,
          nicolae_shop_statue_plus
Vaults:3: v_alt_pattern_5, v_misc_29, v_alt_pattern_6,
          minmay_crypt_entry_nasty_monster, hangedman_vaults_pinch,
          nicolae_vaults_hallways_thing, nicolae_vaults_puzzle_piece,
          vaults_room_grunt_arrival_checkpoint, vaults_room_grid,
          grunt_vaults_hallway_short, v_misc_16, uniq_jorgrun
Vaults:4: vaults_room_door_ring, vaults_room_corners, grunt_vaults_swirl,
          hangedman_vaults_trim, v_misc_26, v_rooms_1,
          ontoclasm_vaults_claustrophobia, st_greater_box_2,
          ontoclasm_vaults_ring_large, vaults_standard_mumra_x,
          vaults_dpeg_ring, ontoclasm_vaults_loading_screen
Crypt:1:  uniq_khufu
Crypt:2:  uniq_boris
Crypt:3:  evilmike_haunted_forest
Depths:1: kennysheep_another_room, abyss_entry, grunt_hell_entry_dis_grunt,
          grunt_ministairs_13, minmay_misc_feat_cross, minmay_librarian,
          uniq_saint_roka
Depths:2: lemuel_traditional_vault, enter_ziggurat_d,
          pf_vacation_house_of_asmodeus, minmay_misc_feat_room,
          kennysheep_decorative_pillar, uniq_aizul
Depths:3: minmay_open_boxes_in_corner, grunt_pan_entry_zigzag, hell_entry,
          nrook_mini_backslash, minmay_misc_feat_five,
          minmay_staircase_windowed_large
Depths:4: kennysheep_snake, hell_entry, grunt_decor_arrowhead,
          abyss_entry_flame_altar, uniq_jory, uniq_frederick
Depths:5: evilmike_zot_entry_diamond, hell_entry
Tar:3:    regret_index_dithmenos_brocken_genspenst, nicolae_tar_cuneiform_water
Tar:7:    tar_old
Lab:      labyrinth_spiral
Trove:    trove_simple
IceCv:    ice_cave_small_demon

Skill      XL: |  1  2  3  4  5  6  7  8  9 10 11 12 13 14 15 16 17 18 19 20 21 22 23 24 25 26 27 |
---------------+----------------------------------------------------------------------------------+-----
Short Blades   | 1 2 3 4 5 6 7 9 11 12 13 14 | 14.0
Fighting       | 1 2 3 4 5 6 8 9 10 12 13 14 15 16 | 16.7
Hexes          | 4 5 6 7 9 10 12 13 14 | 14.8
Dodging        | 4 5 6 8 9 10 11 | 11.8
Spellcasting   | 4 |  4.9
Stealth        | 4 5 7 10 11 12 13 15 17 19 20 21 | 21.5
Shields        | 6 8 9 11 12 13 15 16 17 22 | 22.3
Armour         | 3 5 6 7 8 10 11 12 13 14 | 14.8
Evocations     | 6 8 9 10 | 10.9
Charms         | 4 |  4.7
Translocations | 4 |  4.9
Transmutations | 3 4 |  4.6
Invocations    | 2 5 7 9 10 | 10.1
Long Blades    | 7 |  7.3

Action                   |  1- 3 |  4- 6 |  7- 9 | 10-12 | 13-15 | 16-18 | 19-21 | 22-24 | 25-27 || total
-------------------------+-------+-------+-------+-------+-------+-------+-------+-------+-------++-------
Melee: Dagger            |    93 |   238 |   491 |   354 |    43 |       |       |       |       ||  1219
       Bite              |    18 |    73 |   145 |   219 |   850 |   834 |   886 |   854 |  1069 ||  4948
       Short sword       |       |       |       |    45 |       |       |       |       |       ||    45
       Rapier            |       |       |       |   323 |  1713 |  1242 |   769 |   934 |  1872 ||  6853
       Quick blade       |       |       |       |       |    81 |   350 |   821 |   585 |       ||  1837
Throw: Throwing net      |       |       |       |       |       |       |     1 |       |       ||     1
 Cast: Ensorcelled Hiber |     6 |    23 |    58 |   144 |    60 |    15 |     3 |       |       ||   309
       Confuse           |       |       |    20 |    38 |    49 |   135 |   120 |    97 |     5 ||   464
       Shroud of Golubri |       |       |       |       |       |     3 |     4 |    13 |     3 ||    23
       Invisibility      |       |       |       |       |       |       |     6 |     5 |       ||    11
       Yara's Violent Un |       |       |       |       |       |       |       |     2 |     1 ||     3
       Regeneration      |       |       |       |       |       |       |       |       |    25 ||    25
Invok: Shadow Step       |       |       |       |     2 |     8 |    14 |     6 |     8 |    15 ||    53
 Abil: Evoke Flight      |       |       |       |       |       |    18 |     7 |       |       ||    25
Evoke: Wand              |       |       |     1 |     1 |       |       |     1 |     1 |    11 ||    15
       Phantom mirror    |       |       |       |       |       |     1 |       |       |       ||     1
       Rod               |       |       |       |       |       |       |       |     3 |     4 ||     7
       Phial of floods   |       |       |       |       |       |       |       |       |     1 ||     1
       Horn of Geryon    |       |       |       |       |       |       |       |       |     1 ||     1
  Use: Scroll            |       |       |     7 |    19 |    25 |     8 |     7 |    11 |    13 ||    90
       Potion            |       |       |     2 |     1 |     3 |     7 |       |     1 |       ||    14
 Stab: Sleeping          |     5 |    18 |    39 |   113 |    60 |    61 |    75 |    57 |   136 ||   564
       Confused          |       |       |    10 |    15 |    25 |    72 |    61 |    23 |     2 ||   208
       Distracted        |       |       |     1 |     1 |     9 |     9 |    10 |    14 |    15 ||    59
       Held in net/web   |       |       |       |       |       |     1 |       |       |     2 ||     3
       Petrified         |       |       |       |       |       |     3 |       |       |       ||     3
       Petrifying        |       |       |       |       |       |     2 |       |       |       ||     2
       Invisible         |       |       |       |       |       |       |    31 |    19 |       ||    50
  Eat: Chunk             |       |     8 |    20 |    37 |    34 |    35 |    31 |    24 |    16 ||   205
       Royal jelly       |       |       |       |     1 |       |     4 |     1 |       |     1 ||     7
       Pizza             |       |       |       |     1 |       |       |       |       |     2 ||     3
       Fruit             |       |       |       |     2 |    10 |     4 |     8 |     9 |     3 ||    36
       Beef jerky        |       |       |       |       |       |       |       |       |     3 ||     3
       Meat ration       |       |       |       |       |       |       |       |       |     2 ||     2
Armor: Robe              |    15 |    46 |   114 |   103 |    53 |       |       |       |       ||   331
       Scale mail        |       |       |       |       |   161 |       |       |       |       ||   161
       Pearl dragon armo |       |       |       |       |   313 |   861 |   311 |   410 |   531 ||  2426
Dodge: Dodged            |    46 |    87 |   220 |   388 |   583 |   903 |   406 |   618 |   755 ||  4006
Block: Shield            |       |       |       |    79 |   761 |  1082 |   621 |   726 |   367 ||  3636
       Reflection        |       |       |       |       |       |    18 |    88 |    38 |    26 ||   170
       Large shield      |       |       |       |       |       |       |       |       |  1030 ||  1030
